 Dungeon Crawl Stone Soup version 0.26.1-2-gb8aa6d0cf2 (webtiles) character file.

Game seed: 1268425757321028702

728 Dagix the Chopper (level 7, -1/61 HPs)
             Began as a Minotaur Berserker on Feb 11, 2021.
             Was a Priest of Trog.
             Killed from afar by an orc wizard (5 damage)
             ... with a puff of flame
             ... on level 6 of the Dungeon.
             The game lasted 00:19:01 (3038 turns).

Dagix the Chopper (Minotaur Berserker)              Turns: 3038, Time: 00:19:01

Health: -1/61      AC: 10    Str: 26 (27) XL:     7   Next: 44%
Magic:  15/15      EV: 10    Int:  3 (4)  God:    Trog [***...]
Gold:   171        SH:  0    Dex:  8 (10) Spells: 6/6 levels left

rFire    . . .     SeeInvis .   a - +0 hand axe
rCold    . . .     Faith    .   (no shield)
rNeg     . . .     Spirit   .   r - +0 chain mail of Intuition {Str+4} (curse)
rPois    .         Reflect  .   (helmet restricted)
rElec    .         Harm     .   m - +0 cloak (curse)
rCorr    .         Rampage  .   (no gloves)
Will     .....                  (no boots)
Stlth    ..........             (no amulet)
HPRegen  0.20/turn              d - ring of magical power
MPRegen  0.14/turn              k - ring of stealth

@: no status effects
A: retaliatory headbutt, horns 2
a: Renounce Religion, Berserk, Trog's Hand


You were on level 6 of the Dungeon.
You worshipped Trog.
Trog was most pleased with you.
You visited 1 branch of the dungeon, and saw 6 of its levels.

You collected 171 gold pieces.

Inventory:

Hand Weapons
 a - a +0 hand axe (weapon)
Armour
 f - a +0 leather armour
 m - a cursed +0 cloak (worn)
 p - the +3 leather armour "Futuygi" {rF+ rC- Int+7}
   (You found it on level 4 of the Dungeon)

   It affects your intelligence (+7).
   It protects you from fire.
   It makes you vulnerable to cold.
 r - the cursed +0 chain mail of Intuition (worn) {Str+4}
   (You found it on level 4 of the Dungeon)

   It affects your strength (+4).
   It has a curse placed upon it.
Jewellery
 d - a ring of magical power (left hand)
 k - a ring of stealth (right hand)
Wands
 t - a wand of digging (6)
 y - a wand of flame (17)
Scrolls
 c - 2 scrolls of remove curse {unknown}
 e - 7 scrolls of identify {unknown}
 i - a scroll of magic mapping {unknown}
 o - a scroll of random uselessness {unknown}
 w - a scroll of enchant armour {unknown}
 x - 2 scrolls of teleportation {unknown}
Potions
 g - a potion of flight {unknown}
 h - a potion of lignification {unknown}
 j - 2 potions of magic {unknown}
 l - 2 potions of berserk rage {unknown}
 n - a potion of heal wounds {unknown}
 q - a potion of attraction {unknown}
 s - a potion of curing
 v - a potion of ambrosia {unknown}
 z - 2 potions of brilliance {unknown}


   Skills:
 + Level 5.5 Fighting
 + Level 7.5 Axes
 + Level 4.7 Armour
 + Level 4.5 Dodging


You had 6 spell levels left.
You didn't know any spells.
Your spell library was empty.

Dungeon Overview and Level Annotations

Branches:
Dungeon (6/15)
 Temple: D:4-7

Altars:
Ashenzari
Dithmenos
Zin


Innate Abilities, Weirdness & Mutations

You reflexively headbutt those who attack you in melee.
You have a pair of horns on your head.


Message History

* * * LOW HITPOINT WARNING * * *
The orc wizard looks satisfied for a moment.
You hit the gnoll.
You kill the gnoll!
Trog accepts your kill.
You miss the orc wizard.
The orc wizard points at you and mumbles some strange words.
The magic dart hits you.
* * * LOW HITPOINT WARNING * * *
The orc warrior hits you from afar with a +0 halberd.
* * * LOW HITPOINT WARNING * * *
It was a potion of degeneration.
There was something very wrong with that liquid.
You feel weakened.
You feel dopey.
You feel clumsy.
The orc wizard hits you but does no damage.
The orc warrior closely misses you.
It was a potion of cancellation.
You feel magically purged. The orc wizard casts a spell at you.
The puff of flame hits you.
You die...

.g...(..#######
#
....###.'.._..+
... ##.###.###
## #..# .# #
#..###+###.#
#..†..$...
#..##...#.
##g##.#.#...
#)@o....#
##).$...#
#.#o.....#
#.#.......
..........
........###
..........
..###....##


You could see an orc warrior, an orc wizard (fast) and a gnoll.

Vanquished Creatures
  A sky beast (D:5)
  An ogre (D:4)
  A centaur (D:5)
  A gnoll sergeant (D:5)
  A howler monkey (D:5)
  A centaur zombie (D:5)
  2 centaur skeletons (D:5)
  Ijyb (D:4)
  4 worker ants
  3 adders
  4 gnolls
  A shadow imp (D:5)
  2 oozes (D:5)
  An adder zombie (D:5)
  A worm (D:2)
  2 dart slugs (D:2)
  2 leopard geckos
  3 orcs
  11 bats
  A giant cockroach (D:1)
  9 goblins
  5 hobgoblins
  3 jackals (D:1)
  2 kobolds
  A quokka (D:5)
  A ball python (D:3)
  6 frilled lizards
  A jackal skeleton (D:5)
  6 rats
78 creatures vanquished.

Notes
Turn   | Place    | Note
-------+----------+-------------------------------------------
     0 | D:1      | Dagix the Minotaur Berserker began the quest for the Orb.
     0 | D:1      | Reached XP level 1. HP: 19/19 MP: 0/0
   104 | D:1      | Reached XP level 2. HP: 20/27 MP: 1/1
   193 | D:1      | Reached skill level 4 in Axes
   891 | D:2      | Reached XP level 3. HP: 33/33 MP: 2/2
   956 | D:2      | Found a glowing silver altar of Zin.
   956 | D:2      | Noticed an angel
  1279 | D:2      | Reached ** piety under Trog
  1725 | D:4      | Got a slimy leather armour
  1736 | D:4      | Identified the +3 leather armour "Futuygi" {rF+ rC- Int+7}
                  | (You found it on level 4 of the Dungeon)
  1754 | D:4      | Reached XP level 4. HP: 29/40 MP: 3/3
  1771 | D:4      | Reached skill level 5 in Axes
  1780 | D:4      | Noticed an ogre
  1788 | D:4      | Killed an ogre
  1789 | D:4      | Reached XP level 5. HP: 21/47 MP: 4/4
  1793 | D:4      | Found a broken altar of Ashenzari.
  1807 | D:4      | Got a transparent chain mail
  1819 | D:4      | Identified the cursed +0 chain mail of Intuition {Str+4}
                  | (You found it on level 4 of the Dungeon)
  1888 | D:4      | Noticed Ijyb
  1900 | D:4      | Killed Ijyb
  2003 | D:5      | Entered Level 5 of the Dungeon
  2012 | D:5      | Reached skill level 6 in Axes
  2012 | D:5      | Reached XP level 6. HP: 55/55 MP: 5/5
  2193 | D:5      | Reached skill level 5 in Fighting
  2539 | D:5      | Noticed a sky beast
  2554 | D:5      | Killed a sky beast
  2555 | D:5      | Reached skill level 7 in Axes
  2555 | D:5      | Reached XP level 7. HP: 35/61 MP: 6/6
  3008 | D:6      | Found a shadowy altar of Dithmenos.
  3024 | D:6      | Reached *** piety under Trog
  3036 | D:6      | HP: 3/61 [orc warrior/+0 halberd (5)]
  3038 | D:6      | Killed from afar by an orc wizard

Illustrated notes

Levels and vault maps discovered:
D:1:      shiori_arrival_oz, layout_basic
D:2:      minmay_evil_eye, layout_basic, zin_angel
D:3:      layout_loops_ring
D:4:      layout_basic, led_sif_pool, ashenzari_conservatory_becter,
          serial_shops, kennysheep_mini_moat, nicolae_gozag_seed_capital,
          uniq_ijyb
D:5:      lemuel_insect_pit, layout_basic, serial_curves, eino_curves_01,
          eino_curves_04, kennysheep_generic_room_14
D:6:      layout_rooms, nicolae_overflow_crystal_walls, lemuel_doored_altar,
          minmay_temple_entry_mist, cheibrodos_sewer_entry_drain,
          grunt_ministairs_9

Skill      XL: |  1  2  3  4  5  6 |
---------------+-------------------+-----
Axes           | 4 5 6 7 |  7.5
Fighting       | 4 5 |  5.5
Dodging        | 3 4 |  4.5
Armour         | 3 4 |  4.7

Action                   |  1- 3 |  4- 6 |  7- 9 || total
-------------------------+-------+-------+-------++-------
Melee: Hand axe          |    89 |    79 |    38 ||   206
       Headbutt          |    14 |    18 |     8 ||    40
Invok: Trog's Hand       |       |       |     1 ||     1
  Use: Potion            |       |       |     2 ||     2
 Stab: Sleeping          |     1 |       |       ||     1
Armor: Animal skin       |     2 |       |       ||     2
       Leather armour    |    37 |    10 |       ||    47
       Chain mail        |       |    22 |    16 ||    38
Dodge: Dodged            |    76 |    48 |    27 ||   151
